 Dungeon Crawl Stone Soup version 0.21.1-1-g345015f (webtiles) character file.

36529 Monsterracer the Martial Artist (level 13, -6/71 HPs)
             Began as a Vine Stalker Monk on Feb 18, 2018.
             Was an Elder of Sif Muna.
             Mangled by a dream sheep (18 damage)
             ... on level 6 of the Lair of Beasts.
             The game lasted 00:27:31 (14515 turns).

Monsterracer the Martial Artist (VSMo)             Turns: 14515, Time: 00:27:33

Health: -6/71      AC: 11    Str: 18    XL:     13   Next: 90%
Magic:  0/24       EV: 18    Int: 14    God:    Sif Muna [****..]
Gold:   1146       SH:  0    Dex: 17    Spells: 24/25 levels left

rFire    . . .     SeeInvis .     - Unarmed
rCold    + . .     Gourm    .   F - +0 buckler
rNeg     . . .     Faith    .   u - +2 robe {rC+}
rPois    .         Spirit   +   I - +2 hat
rElec    .         Reflect  .   y - +2 cloak {+Inv}
rCorr    .         Harm     .   l - +1 pair of gloves
MR       +....                  (no boots)
Stlth    +++.......             (no amulet)
HPRegen  1.01/turn              h - +4 ring of slaying
MPRegen  0.19/turn              J - +3 ring of strength

@: sleeping, divine energy
A: fangs 3, regeneration 2, magic shield, antimagic bite, no potion heal 3, rot
immunity
a: Stop Divine Energy, Channel Magic, Forget Spell, Renounce Religion, Evoke
Invisibility


You were on level 6 of the Lair of Beasts.
You worshipped Sif Muna.
Sif Muna was greatly pleased with you.
You were hungry.

You visited 3 branches of the dungeon, and saw 18 of its levels.

You collected 1146 gold pieces.

Inventory:

Missiles
 D - 3 throwing nets (quivered)
Armour
 l - a +1 pair of gloves (worn)
 m - the +0 robe of Uneuffon {rPois rF+}
   (You found it on level 8 of the Dungeon)

   It protects you from fire.
   It protects you from poison.
 u - a +2 robe of cold resistance (worn)
 w - a +0 helmet
 y - a +2 cloak of invisibility (worn)
 F - a +0 buckler (worn)
 I - a +2 hat (worn)
Jewellery
 h - a +4 ring of slaying (left hand)
 r - an uncursed ring of positive energy {!d}
 s - an uncursed ring of fire
 J - a +3 ring of strength (right hand)
Wands
 o - a wand of polymorph (16)
 p - a wand of digging (12)
 A - a wand of paralysis (9)
 C - a wand of flame (24)
 G - a wand of clouds (4)
 H - a wand of disintegration (10)
Scrolls
 b - 2 scrolls of fog
 d - 5 scrolls of amnesia
 e - 4 scrolls of remove curse
 k - 8 scrolls of teleportation
 x - 4 scrolls of blinking
 B - 3 scrolls of identify
Potions
 a - 3 potions of flight
 f - a potion of haste
 g - 2 potions of brilliance
 i - 8 potions of curing
 j - 3 potions of mutation {!q}
 n - 2 potions of might
 q - 3 potions of agility
 t - a potion of invisibility
 v - 4 potions of lignification
 z - a potion of magic
 E - a potion of resistance
 M - a potion of ambrosia {!q}
Miscellaneous
 K - a sack of spiders
Comestibles
 c - 29 rations
 L - 2 chunks of flesh


   Skills:
 + Level 9.7 Fighting
 + Level 9.0 Dodging
 - Level 5.0 Stealth
 - Level 4.0 Shields
 * Level 14.5 Unarmed Combat
 + Level 6.9 Spellcasting
 - Level 3.0 Translocations
 - Level 4.0 Invocations
 - Level 5.0 Evocations


You had 24 spell levels left.
You knew the following spells:

 Your Spells              Type           Power        Failure   Level  Hunger
z - Apportation           Tloc           ##....       4%          1    None


Dungeon Overview and Level Annotations

Branches:
Dungeon (11/15)            Temple (1/1) D:5            Lair (6/6) D:10
  Swamp (0/4) Lair:2        Snake (0/4) Lair:4
  Slime: Lair:5-6       Orc: D:9-12

Altars:
Ashenzari
Cheibriados
Dithmenos
Elyvilon
Fedhas
Gozag
Hepliaklqana
Kikubaaqudgha
Makhleb
Nemelex Xobeh
Okawaru
Qazlal
Ru
Sif Muna
Trog
Uskayaw
Vehumet
Wu Jian
Xom
Yredelemnul
Zin
The Shining One


Innate Abilities, Weirdness & Mutations

You have razor-sharp teeth.
You heal very quickly.
When hurt, damage is shared between your health and your magic reserves.
Your bite disrupts and absorbs the magic of your enemies.
Potions cannot restore your health.
You are immune to rotting.


Message History

You pummel the dream sheep!! Your bite misses the dream sheep.
The dream sheep is almost dead.
The dream sheep bites you but does no damage.
MP restored: 24 You hit the dream sheep.
You kill the dream sheep!
Sif Muna accepts your kill.
You closely miss the dream sheep. You bite the dream sheep!
You drain its power.
The dream sheep is heavily wounded.
You barely miss the dream sheep. You bite the dream sheep! You drain its power.
The dream sheep is almost dead.
The dream sheep ruffle their wool and motes of dream dust sparkle, to no effect.
You punch the dream sheep!
You kill the dream sheep!
Sif Muna accepts your kill.
The dream sheep ruffle their wool and motes of dream dust sparkle, to no effect.
You punch the dream sheep! Your bite misses the dream sheep.
The dream sheep is heavily wounded.
The dream sheep shake their wool and sparkle.
You feel drowsy...
You fall asleep.
The dream sheep bites you!
You wake up.
You take 8 damage, and have 57/71 hp.
You now have 21/24 mp.
Unknown command.
You punch the dream sheep!
You kill the dream sheep!
Sif Muna accepts your kill.
You barely miss the six-headed hydra. You bite the six-headed hydra.
You drain its power.
You feel invigorated.
The six-headed hydra is lightly wounded.
The six-headed hydra barely misses you.
You block the six-headed hydra's attack.
The six-headed hydra bites you! The six-headed hydra misses you.
You block the six-headed hydra's attack. x2
You take 7 damage, and have 50/71 hp.
You now have 20/24 mp.
You punch the six-headed hydra!
The six-headed hydra is moderately wounded.
The six-headed hydra closely misses you.
The six-headed hydra completely misses you.
The six-headed hydra bites you but does no damage.
The six-headed hydra bites you!
The six-headed hydra bites you but does no damage.
The six-headed hydra bites you.
You take 12 damage, and have 38/71 hp.
You now have 14/24 mp.
You barely miss the six-headed hydra. You bite the six-headed hydra!
You drain its power.
You feel invigorated.
The six-headed hydra is moderately wounded.
You regained 7 mp, and now have 21/24 mp.
You punch the six-headed hydra!
The six-headed hydra is heavily wounded.
The six-headed hydra bites you!
* * * LOW HITPOINT WARNING * * *
The six-headed hydra barely misses you. The six-headed hydra bites you!
* * * LOW HITPOINT WARNING * * *
The six-headed hydra misses you.
The six-headed hydra completely misses you.
The six-headed hydra bites you!
* * * LOW HITPOINT WARNING * * *
You take 21 damage, and have 17/71 hp.
MASSIVE DAMAGE!!
You now have 8/24 mp.
You pummel the six-headed hydra!!
The six-headed hydra is almost dead.
You block the six-headed hydra's attack.
The six-headed hydra bites you!
* * * LOW HITPOINT WARNING * * *
The six-headed hydra misses you. The six-headed hydra bites you.
* * * LOW HITPOINT WARNING * * *
You block the six-headed hydra's attack.
The six-headed hydra closely misses you.
You take 5 damage, and have 12/71 hp.
You now have 4/24 mp.
You punch the six-headed hydra!
The six-headed hydra is almost dead.
You block the six-headed hydra's attack. x2
The six-headed hydra barely misses you. The six-headed hydra bites you!
* * * LOW HITPOINT WARNING * * *
The six-headed hydra barely misses you.
The six-headed hydra completely misses you.
You take 7 damage, and have 5/71 hp.
You now have 1/24 mp.
You barely miss the six-headed hydra.
The six-headed hydra is almost dead.
The dream sheep ruffle their wool and motes of dream dust sparkle, to no effect.
Okay, then.
You punch the six-headed hydra!
You kill the six-headed hydra!
Sif Muna accepts your kill.
Your Dodging skill increases to level 9!
You punch the dream sheep! Your bite misses the dream sheep.
The dream sheep is moderately wounded.
The dream sheep ruffle their wool and motes of dream dust sparkle, to no effect.
You punch the dream sheep!
The dream sheep is almost dead.
The dream sheep closely misses you.
You closely miss the dream sheep.
The dream sheep is almost dead.
You are feeling hungry.
The dream sheep ruffle their wool and motes of dream dust sparkle, to no effect.
The dream sheep shake their wool and sparkle.
You feel drowsy...
You fall asleep.
The dream sheep closely misses you. x2
The dream sheep bites you!!
You die...

.##<......[...#..P.#....
..#...#..............PP#
......................##..
.........PP...##..........
.#...#....#..##.......#...
.........##..............
.................#....#.
..........#.....Y#†..##...
.#...#..@Y†.......
###########...#.. ......
#.Y.. Y.. .. .


You could see 2 dream sheep.

Vanquished Creatures
  Nessos (Lair:5)
  The ghost of jazmu the Fighter, a journeyman FoSk of Okawaru (Lair:4)
  Harold (Lair:1)
  2 hydras
  3 two-headed ogres
  An unseen horror (D:10)
  Pikel (D:7)
  4 oklob plants (Lair:1)
  Maurice (D:8)
  Joseph (D:7)
  2 black mambas
  Psyche (D:9)
  12 spiny frogs
  A rime drake (Lair:2)
  7 komodo dragons
  The ghost of Autsider the Slasher, a novice TeBe of Trog (D:5)
  A troll (D:10)
  A polar bear (Lair:4)
  2 tyrant leeches (Lair:2)
  16 blink frogs
  7 dream sheep (Lair:6)
  11 hippogriffs
  A spriggan (D:10)
  A wyvern (D:9)
  36 yaks
  2 basilisks (Lair:4)
  2 humans
  Menkaure (D:5)
  4 nagas (Lair:4)
  7 water moccasins
  15 porcupines
  Duvessa (D:7)
  2 hell hounds (D:10)
  An orc warrior (D:6)
  4 phantoms
  An ice beast (D:10)
  A black bear (D:8)
  A sky beast (D:11)
  A hornet zombie (D:8)
  3 wolves (Lair:1)
  4 ogres
  The ghost of Frank the Ducker, an amateur OpFi (D:3)
  5 centaurs
  8 crocodiles
  11 bullfrogs
  Dowan (D:7)
  A water moccasin zombie (D:8)
  A wyvern skeleton (D:9)
  3 killer bees (D:10)
  5 wights (D:8)
  A howler monkey (D:10)
  An electric eel (Lair:1)
  6 crimson imps
  A bullfrog zombie (D:7)
  A jelly (D:5)
  A centaur zombie (D:9)
  A bullfrog skeleton (D:6)
  3 orc priests
  7 orc wizards
  A centaur skeleton (D:9)
  2 iguanas
  8 worker ants
  A hound zombie (D:6)
  A worker ant zombie (D:6)
  6 gnolls
  11 adders
  A shadow imp (D:5)
  An adder zombie (D:9)
  4 adder skeletons
  2 worms
  4 dart slugs
  8 leopard geckos
  39 orcs
  6 giant cockroaches
  5 goblins
  3 hobgoblins
  19 jackals
  3 quokkas
  3 ball pythons
  5 bats
  6 frilled lizards
  A goblin zombie (D:4)
  2 hobgoblin zombies (D:4)
  A jackal skeleton (D:6)
  8 kobolds
  2 kobold skeletons (D:4)
  A kobold zombie (D:4)
  A leopard gecko skeleton (D:4)
  2 orc zombies (D:4)
  A quokka skeleton (D:2)
  A quokka zombie (D:8)
  10 rats
393 creatures vanquished.

Vanquished Creatures (others)
  A slave (D:8)
  A necrophage (D:8)
  An orc wizard (D:7)
  An adder (D:8)
  An orc (D:8)
  8 fungi
  6 plants
19 creatures vanquished.

Grand Total: 412 creatures vanquished

Notes
Turn   | Place    | Note
-------+----------+-------------------------------------------
     0 | D:1      | Monsterracer the Vine Stalker Monk began the quest for the Orb.
     0 | D:1      | Reached XP level 1. HP: 11/11 MP: 2/2
    80 | D:1      | Reached XP level 2. HP: 16/16 MP: 3/3
   310 | D:1      | Reached skill level 4 in Unarmed Combat
   384 | D:1      | HP: 7/16 [kobold (2)]
   706 | D:1      | HP: 8/16 [worm (8)]
   707 | D:1      | Reached XP level 3. HP: 10/19 MP: 1/4
  1146 | D:2      | Gained mutation: Your natural rate of healing is unusually fast. [Vine Stalker growth]
  1146 | D:2      | Reached XP level 4. HP: 23/23 MP: 5/5
  1574 | D:3      | Reached skill level 5 in Unarmed Combat
  1594 | D:3      | Noticed Frank's ghost (amateur OpFi)
  1601 | D:3      | HP: 3/23 [Frank's ghost (9)]
  1602 | D:3      | Killed Frank's ghost
  1602 | D:3      | Reached XP level 5. HP: 4/28 MP: 2/6
  1766 | D:3      | Found a sacrificial altar of Ru.
  1912 | D:3      | HP: 14/28 [hobgoblin (3)]
  1917 | D:3      | HP: 11/28 [poisoned by a kobold]
  1923 | D:3      | HP: 10/28 [poisoned by a kobold]
  1928 | D:3      | HP: 10/28 [poisoned by a kobold]
  1935 | D:3      | HP: 12/28 [poisoned by a kobold]
  1943 | D:3      | HP: 14/28 [poisoned by a kobold]
  2135 | D:4      | Found a glowing golden altar of the Shining One.
  2150 | D:4      | Reached XP level 6. HP: 31/32 MP: 4/7
  2172 | D:4      | Reached skill level 6 in Unarmed Combat
  2237 | D:4      | HP: 14/32 [iguana (5)]
  2291 | D:4      | HP: 16/33 [jackal (2)]
  2302 | D:4      | HP: 16/33 [leopard gecko skeleton (2)]
  2365 | D:4      | Reached XP level 7. HP: 37/37 MP: 8/8
  3152 | D:4      | Found an iron altar of Okawaru.
  3178 | D:5      | Entered Level 5 of the Dungeon
  3205 | D:5      | Reached skill level 7 in Unarmed Combat
  3225 | D:5      | Noticed Autsider's ghost (novice TeBe)
  3232 | D:5      | HP: 14/37 [Autsider's ghost (8)]
  3418 | D:5      | HP: 16/37 [orc wizard/dagger (4)]
  3699 | D:5      | Gained mutation: You have razor-sharp teeth. [Vine Stalker growth]
  3699 | D:5      | Reached XP level 8. HP: 42/42 MP: 9/9
  3838 | D:5      | Noticed Menkaure
  3848 | D:5      | HP: 21/42 [??? (10)]
  3898 | D:5      | HP: 18/42 [Menkaure (20)]
  3901 | D:5      | Killed Menkaure
  3901 | D:5      | Reached skill level 1 in Spellcasting
  4028 | D:5      | Found a shattered altar of Ashenzari.
  4203 | D:5      | Killed Autsider's ghost
  4208 | D:5      | Reached skill level 8 in Unarmed Combat
  4285 | D:5      | Found a staircase to the Ecumenical Temple.
  4294 | Temple   | Entered the Ecumenical Temple
  4405 | Temple   | Became a worshipper of Sif Muna the Loreminder
  4405 | Temple   | Reached * piety under Sif Muna
  4405 | Temple   | Reached ** piety under Sif Muna
  4450 | D:6      | Found a runed door.
  4455 | D:6      | Found a basalt altar of Yredelemnul.
  4548 | D:6      | Reached skill level 5 in Stealth
  4548 | D:6      | Reached skill level 1 in Invocations
  4595 | D:6      | Reached XP level 9. HP: 46/46 MP: 13/13
  4729 | D:6      | Reached skill level 5 in Fighting
  4944 | D:6      | HP: 21/47 [hippogriff (4)]
  4946 | D:6      | HP: 10/47 [hippogriff (3)]
  5616 | D:7      | Learned a level 1 spell: Apportation
  5715 | D:7      | Noticed Dowan
  5717 | D:7      | Noticed Duvessa
  5742 | D:7      | Killed Duvessa
  5750 | D:7      | Killed Dowan
  5799 | D:7      | Reached skill level 9 in Unarmed Combat
  5842 | D:7      | Noticed Joseph
  5859 | D:7      | Killed Joseph
  5859 | D:7      | Reached skill level 5 in Dodging
  6241 | D:7      | Reached XP level 10. HP: 53/53 MP: 15/15
  6434 | D:8      | Noticed Pikel
  6456 | D:7      | Killed Pikel
  6456 | D:7      | Reached skill level 10 in Unarmed Combat
  6555 | D:8      | Noticed a two-headed ogre
  6564 | D:8      | Killed a two-headed ogre
  6627 | D:8      | Got a fine robe
  6666 | D:8      | Noticed a two-headed ogre
  6671 | D:8      | HP: 26/53 [water moccasin zombie (5)]
  6727 | D:8      | HP: 25/53 [two-headed ogre/giant club (19)]
  6729 | D:8      | HP: 12/53 [two-headed ogre/giant club (13)]
  6729 | D:8      | HP: 4/53 [two-headed ogre/giant club (8)]
  6730 | D:8      | Killed a two-headed ogre
  6988 | D:8      | Noticed Maurice
  7010 | D:8      | Killed Maurice
  7010 | D:8      | Reached skill level 11 in Unarmed Combat
  7010 | D:8      | HP: 26/55 [centaur/arrow (4)]
  7039 | D:8      | Identified the +0 robe of Uneuffon {rPois rF+} (You found it on level 8 of the Dungeon)
  7281 | D:8      | Reached XP level 11. HP: 56/58 MP: 14/16
  7386 | D:8      | Got a pair of warped boots
  7394 | D:8      | Identified the -6 pair of boots of Gallantry {rF+ rC+ Int+3} (You found it on level 8 of the Dungeon)
  7773 | D:9      | Found a bloodstained altar of Trog.
  7792 | D:9      | Noticed a two-headed ogre
  7798 | D:9      | Killed a two-headed ogre
  7798 | D:9      | Reached skill level 1 in Evocations
  7982 | D:9      | Noticed Psyche
  7992 | D:9      | Killed Psyche
  8388 | D:10     | Entered Level 10 of the Dungeon
  8411 | D:10     | Reached *** piety under Sif Muna
  8765 | D:10     | Found a staircase to the Lair.
  8933 | D:10     | Killed an unseen horror
  8933 | D:10     | Reached skill level 1 in Shields
  8933 | D:10     | Reached skill level 1 in Translocations
  9180 | D:10     | Reached skill level 12 in Unarmed Combat
  9376 | Lair:1   | Entered Level 1 of the Lair of Beasts
  9475 | Lair:1   | Noticed an oklob plant
  9475 | Lair:1   | Noticed an oklob plant
  9475 | Lair:1   | Noticed an oklob plant
  9677 | Lair:1   | HP: 26/60 [porcupine's spines (9)]
  9820 | Lair:1   | Noticed Harold
  9848 | Lair:1   | Killed Harold
  9848 | Lair:1   | Gained mutation: You heal very quickly. [Vine Stalker growth]
  9848 | Lair:1   | Reached XP level 12. HP: 56/64 MP: 16/19
 10125 | Lair:1   | HP: 31/64 [yak (6)]
 10132 | Lair:1   | HP: 31/64 [yak (5)]
 10139 | Lair:1   | HP: 23/64 [yak (3)]
 10578 | Lair:1   | HP: 32/65 [oklob plant/splash of acid (7)]
 10579 | Lair:1   | HP: 12/65 [oklob plant/splash of acid (6)]
 10579 | Lair:1   | HP: 4/65 [acid (8)]
 10732 | Lair:1   | HP: 29/65 [acid (4)]
 10733 | Lair:1   | Reached **** piety under Sif Muna
 10918 | Lair:2   | HP: 28/65 [komodo dragon (22)]
 10923 | Lair:2   | HP: 28/65 [poisoned by a spiny frog]
 10928 | Lair:2   | HP: 29/65 [poisoned by a spiny frog]
 10933 | Lair:2   | HP: 31/65 [poisoned by a spiny frog]
 11054 | Lair:2   | HP: 29/65 [komodo dragon (23)]
 11265 | Lair:2   | Reached skill level 5 in Spellcasting
 11344 | Lair:2   | Reached skill level 13 in Unarmed Combat
 11548 | Lair:2   | Found a staircase to the Swamp.
 11553 | Lair:2   | HP: 27/65 [tyrant leech (17)]
 12374 | Lair:3   | Reached XP level 13. HP: 70/70 MP: 21/21
 12764 | Lair:4   | Noticed jazmu's ghost (journeyman FoSk)
 12779 | Lair:4   | Reached skill level 5 in Evocations
 12787 | Lair:4   | HP: 32/70 [jazmu's ghost (8)]
 12792 | Lair:4   | HP: 25/70 [poisoned by jazmu's ghost]
 12797 | Lair:4   | HP: 22/70 [poisoned by jazmu's ghost]
 12801 | Lair:3   | HP: 9/70 [poisoned by jazmu's ghost]
 12988 | Lair:4   | Found a staircase to the Snake Pit.
 13342 | Lair:4   | HP: 35/70 [poisoned by jazmu's ghost]
 13343 | Lair:4   | Killed jazmu's ghost
 13345 | Lair:4   | HP: 17/70 [poisoned by jazmu's ghost]
 13350 | Lair:4   | HP: 10/70 [poisoned by jazmu's ghost]
 13355 | Lair:4   | HP: 6/70 [poisoned by jazmu's ghost]
 13360 | Lair:4   | HP: 5/70 [poisoned by jazmu's ghost]
 13365 | Lair:4   | HP: 6/70 [poisoned by jazmu's ghost]
 13370 | Lair:4   | HP: 8/70 [poisoned by jazmu's ghost]
 13376 | Lair:4   | HP: 11/70 [poisoned by jazmu's ghost]
 13384 | Lair:4   | HP: 17/70 [poisoned by jazmu's ghost]
 13392 | Lair:4   | HP: 23/70 [poisoned by jazmu's ghost]
 13805 | Lair:5   | Reached skill level 14 in Unarmed Combat
 13882 | Lair:5   | HP: 33/70 [yak (9)]
 13943 | Lair:5   | Noticed Nessos
 13958 | Lair:5   | Killed Nessos
 14414 | Lair:6   | Entered Level 6 of the Lair of Beasts
 14505 | Lair:6   | HP: 30/71 [six-headed hydra (9)]
 14506 | Lair:6   | HP: 13/71 [six-headed hydra (5)]
 14507 | Lair:6   | HP: 5/71 [six-headed hydra (8)]
 14515 | Lair:6   | Mangled by a dream sheep

Skill      XL: |  1  2  3  4  5  6  7  8  9 10 11 12 13 |
---------------+----------------------------------------+-----
Unarmed Combat | 4 5 6 7 8 9 11 12 13 14 | 14.5
Fighting       | 3 4 5 7 8 9 |  9.7
Dodging        | 3 4 5 6 7 8 9 |  9.0
Stealth        | 3 5 |  5.0
Spellcasting   | 2 3 4 5 6 |  6.9
Invocations    | 1 3 4 |  4.0
Evocations     | 3 4 5 |  5.0
Shields        | 3 4 |  4.0
Translocations | 2 3 |  3.0

Action                   |  1- 3 |  4- 6 |  7- 9 | 10-12 | 13-15 || total
-------------------------+-------+-------+-------+-------+-------++-------
Melee: Unarmed           |    78 |   103 |   297 |   530 |   290 ||  1298
       Bite              |    16 |    23 |    90 |   212 |   108 ||   449
       Punch             |     2 |     3 |     8 |    35 |       ||    48
Throw: Throwing net      |       |       |     1 |       |       ||     1
Invok: Divine Energy     |       |       |       |     1 |       ||     1
 Abil: Evoke Invisibilit |       |       |       |     4 |       ||     4
Evoke: Wand              |       |       |       |       |     1 ||     1
  Use: Scroll            |       |       |    19 |    15 |     1 ||    35
       Potion            |       |       |       |       |     1 ||     1
 Stab: Sleeping          |    10 |     6 |    13 |    19 |     6 ||    54
       Distracted        |       |       |       |     2 |       ||     2
       Invisible         |       |       |       |     8 |       ||     8
  Eat: Chunk             |       |     5 |    12 |    14 |     7 ||    38
       Ration            |       |       |       |     2 |       ||     2
Armor: Robe              |     8 |    19 |    10 |    71 |    39 ||   147
       Ring mail         |       |       |    41 |     5 |       ||    46
Dodge: Dodged            |    36 |    59 |   169 |   287 |   146 ||   697
Block: Buckler           |       |       |       |    15 |    53 ||    68

Vault maps used:
D:1:      evilmike_arrival_run_for_it
D:3:      marbit_many_paths
D:4:      kennysheep_okawaru_gauntlet, roderic_lattice_a,
          nicolae_tso_besieged_by_evil
D:5:      minmay_temple_entry_poolview, basic_altar, first_ration, uniq_menkaure
D:6:      dk_yredelemnul_ordeal
D:7:      roderic_roman_lattice, uniq_duvessa, uniq_joseph
D:8:      uniq_maurice, uniq_pikel
D:9:      basic_altar, uniq_psyche
D:10:     minmay_lair_entry_lava, hangedman_stone_soup
D:11:     david_orc_5
Temple:   regret_index_temple_chain_breaker
Lair:1:   serial_bayou_shore_a, minmay_lair_oklob_chamber, uniq_harold
Lair:2:   minmay_swamp_entry_worms
Lair:4:   minmay_snake_entry_guardpost_small, grunt_megastairs_5
Lair:5:   uniq_nessos
Lair:6:   minmay_lair_end_enchanted_forest, nicolae_slime_entry_slimehenge,
          minivault_27, bobbens_dragon_lair_wall
